[Event "*** Titled Tuesday Blitz"]
[Site "Chess.com"]
[Date "2021.02.16"]
[Round "8"]
[White "jd001"]
[Black "ObligatePawnivore"]
[Result "1-0"]
[WhiteElo "2272"]
[BlackElo "1799"]
[TimeControl "180+1"]
[EndTime "11:29:34 PST"]
[Termination "jd001 won by resignation"]

1. d4 e6 2. c4 Nf6 3. Nc3 Bb4 4. Qb3 c5 5. a3 Bxc3+ 6. bxc3 Nc6 7. Nf3 Qa5 8. Bd2 Ne4 9. e3 d6 10. Bd3 Nxd2 11.
Nxd2 b6 12. Rd1 O-O 13. O-O e5 14. d5 Ne7 15. f4 exf4 16. Rxf4 Bd7 17. Rdf1 Ng6 18.
Bxg6 hxg6 19. e4 Rae8 20. h4 Qa4 21. Qxa4 Bxa4 22. Kf2 f5 23. Ke3 Re5 24. Kd3 Rfe8 25. Re1 a6 26. Re3 b5 27. cxb5 axb5 28. Rff3 b4 29.
axb4 cxb4 30. cxb4 Bb5+ 31. Kd4 Rc8 32. exf5 Rxe3 33. Rxe3 Rc1 34. fxg6 Rd1 35. Kc3 Rc1+ 36. Kb2 Rd1 37. Ne4 Rxd5 38. Ng5 Rd3 39. Re7 Rg3 40.
Rb7 Rxg2+ 41. Kc3 Bc6 42. Rb8+ 1-0

[Event "*** Titled Tuesday Blitz"]
[Site "Chess.com"]
[Date "2021.02.16"]
[Round "8"]
[White "MergenKakabaev"]
[Black "maximnovik"]
[Result "0-1"]
[WhiteElo "2388"]
[BlackElo "2548"]
[TimeControl "180+1"]
[EndTime "11:29:35 PST"]
[Termination "maximnovik won on time"]

1. e4 c6 2. d4 d5 3. e5 Bf5 4. h4 h6 5. g4 Bd7 6. Nc3 c5 7. dxc5 Nc6 8. Qxd5 Bxg4 9. Qxd8+ Rxd8 10. f4 h5 11. Be3 Nh6 12. Bd3 Nf5 13. Bf2 g6 14.
a3 Bh6 15. Nge2 O-O 16. b4 f6 17. e6 Ncd4 18. Nxd4 Nxd4 19. Be3 Nxe6 20. Bxg6 Nxf4 21.
Rg1 Kg7 22. Bxh5 Nxh5 23. Rxg4+ Kh7 24. Bxh6 Kxh6 25. Ke2 e5 26. Rag1 Nf4+ 27. Ke3 f5 28. Rg5 Rf6 29. Ne2 Nh3 30. R1g2 f4+ 31. Ke4 f3 0-1

[Event "*** Titled Tuesday Blitz"]
[Site "Chess.com"]
[Date "2021.02.16"]
[Round "8"]
[White "igorcadilhac"]
[Black "L1m96"]
[Result "0-1"]
[WhiteElo "2357"]
[BlackElo "2541"]
[TimeControl "180+1"]
[EndTime "11:29:35 PST"]
[Termination "L1m96 won on time"]

1. e4 e5 2. Nf3 Nc6 3. Bb5 a6 4.
Ba4 Nf6 5. d3 b5 6. Bb3 Be7 7.
O-O O-O 8. c3 d6 9. a4 Bb7 10.
Na3 Nb8 11. Bg5 c6 12. Re1 Nbd7 13. d4 Re8 14. Nc2 c5 15. Na3 exd4 16. cxd4 b4 17. Nc4 Nxe4 18. Bxe7 Rxe7 19. Ne3 Ndf6 20. Nf5 Rd7 21.
a5 Rc8 22. d5 c4 23. Ba4 Rdc7 24. Qd4 Bxd5 25. Rad1 Rc5 26. Ne3 Ba8 27. Nd2 Nxd2 28. Qxd2 d5 29. Nf5 Ne4 30. Rxe4 c3 31. Ne7+ Qxe7 32.
Rxe7 cxd2 0-1

[Event "*** Titled Tuesday Blitz"]
[Site "Chess.com"]
[Date "2021.02.16"]
[Round "8"]
[White "GigaQuparadze"]
[Black "Mr_Heisenberg13"]
[Result "1-0"]
[WhiteElo "2932"]
[BlackElo "2697"]
[TimeControl "180+1"]
[EndTime "11:29:37 PST"]
[Termination "GigaQuparadze won by resignation"]

1. e4 e5 2. Nf3 Nf6 3. Nc3 Nc6 4. Bb5 Nd4 5. Bc4 Nxf3+ 6. Qxf3 c6 7. O-O d6 8. Qd1 Be7 9. d4 O-O 10. h3 Qc7 11. Be3 b5 12. Bd3 a6 13. Ne2 exd4 14. Bxd4 c5 15. Bxf6 Bxf6 16. c3 Bb7 17. Nf4 Rfe8 18.
Qf3 Be5 19. Nd5 Bxd5 20. exd5 g6 21. Rfe1 c4 22. Bf1 Bg7 23. a3 Qd7 24. Red1 Re7 25.
a4 Rae8 26. axb5 axb5 27. g3 h5 28. h4 Qb7 29. Rab1 Qb6 30. b3 cxb3 31. Rxb3 Re1 32. Rxe1 Rxe1 33. Kg2 Qc5 34. Rxb5 Qxc3 35. Rb8+ Kh7 36.
Qxf7 Qf6 37. Qxf6 Bxf6 38. Rb7+ Kh6 39. Rf7 Be5 40. Bb5 Rd1 41. Bc6 Rd2 42. Kf1 Rb2 43. Bd7 Rd2 44. Be6 Bd4 45. Rf4 Bc5 46. Rf7 Ra2 47.
Bd7 Rd2 48. Be8 Rxd5 49. Rf6 Rf5 50. Rxg6+ Kh7 51. f4 Rd5 52. Rg5 Rd1+ 53. Kg2 Rd2+ 54. Kh3 d5 55. Bxh5 Bg1 56. Bf3 d4 57. Be4+ Kh6 58.
Kg4 Re2 59. Bf5 Re3 60. Rg6+ Kh7 61. Re6+ Kg7 62. Rxe3 dxe3 63. Kf3 Bf2 64. Bd3 Kf6 65. h5 Kg7 66. g4 Bh4 67. g5 Bf2 68. h6+ Kf7 69.
g6+ Kf6 70. g7 Kf7 71. Bc4+ 1-0

[Event "*** Titled Tuesday Blitz"]
[Site "Chess.com"]
[Date "2021.02.16"]
[Round "8"]
[White "lucachess49"]
[Black "fyall777"]
[Result "0-1"]
[WhiteElo "2354"]
[BlackElo "2518"]
[TimeControl "180+1"]
[EndTime "11:29:37 PST"]
[Termination "fyall777 won by resignation"]

1. d4 Nf6 2. c4 g6 3. f3 Bg7 4.
e4 O-O 5. Nc3 d6 6. Nge2 e5 7.
Be3 Nfd7 8. Qd2 Nc6 9. d5 Ne7 10. g4 f5 11. gxf5 gxf5 12. O-O-O Nf6 13. Rg1 Ng6 14.
Bh6 f4 15. Bxg7 Kxg7 16. Kb1 Nh5 17. c5 Bd7 18. Nc1 Kh8 19. Nb3 a5 20. a4 Rg8 21.
Nb5 Bxb5 22. axb5 b6 23. cxb6 cxb6 24. Rc1 a4 25. Na1 a3 26. Rc6 Nh4 27. Rxg8+ Qxg8 28. Be2 Qg1+ 29. Qd1 a2+ 30. Kc1 Qe3+ 31. Qd2 Rg8 32.
Qxe3 fxe3 33. Rxb6 Rg1+ 34. Kc2 Rxa1 35. Ra6 Re1 36. b6 Rxe2+ 37. Kb3 Nf6 38. b7 Nd7 39. Rxa2 Rg2 40. Ra8+ Rg8 41. Kc3 e2 42. Kd2 Nxf3+ 43. Kxe2 Nd4+ 44. Kd3 Nb5 45. Kc4 Nd4 46. b4 Nb6+ 47. Kc3 Nxa8 0-1

[Event "*** Titled Tuesday Blitz"]
[Site "Chess.com"]
[Date "2021.02.16"]
[Round "8"]
[White "1g60-1"]
[Black "Khnykin_Nikolay"]
[Result "1-0"]
[WhiteElo "2110"]
[BlackElo "2054"]
[TimeControl "180+1"]
[EndTime "11:29:37 PST"]
[Termination "1g60-1 won by checkmate"]

1. e4 e6 2. d3 d5 3. Nd2 c5 4. g3 Nc6 5. Bg2 Nf6 6. Ngf3 Be7 7. O-O O-O 8. Re1 Bd7 9. h4 d4 10. e5 Nd5 11. Nf1 f6 12. exf6 Bxf6 13. N1d2 e5 14. Ne4 Bg4 15. Ned2 Be7 16. Nf1 Bxh4 17. gxh4 Bxf3 18.
Bxf3 Nf4 19. Bxf4 Rxf4 20. Ng3 Qxh4 21. Kg2 Raf8 22. Bd5+ Kh8 23. Rf1 Ne7 24. Bxb7 Ng6 25.
Be4 Rxf2+ 26. Rxf2 Rxf2+ 27. Kxf2 Qh2+ 28. Bg2 Nf4 29. Qf3 g5 30. Rh1 Nh3+ 31. Ke2 Nf4+ 32. Kf1 Qxh1+ 33.
Bxh1 g4 34. Qxg4 h5 35. Qc8+ Kh7 36. Nf5 Kg6 37. Be4 Kg5 38. Qxc5 h4 39. Qxe5 h3 40.
Qxd4 h2 41. Qg1+ hxg1=Q+ 42. Kxg1 Ne2+ 43. Kf2 Nc1 44. c4 Nxa2 45. c5 Nb4 46. c6 Nxc6 47.
Bxc6 a5 48. Ke3 a4 49. Bxa4 Kxf5 50. b3 Ke5 51. d4+ Kd5 52. Kd3 Kd6 53. Kc4 Kc7 54. b4 Kb6 55. d5 Kc7 56. Kd4 Kd6 57. b5 Kc7 58. b6+ Kxb6 59. Ke5 Kc7 60. Ke6 Kd8 61.
Kd6 Kc8 62. Ke7 Kc7 63. d6+ Kb6 64. d7 Ka5 65. d8=Q+ Kxa4 66. Qb8 Ka3 67. Kd6 Ka2 68.
Kc5 Ka1 69. Kc4 Ka2 70. Kc3 Ka3 71. Qb3# 1-0

[Event "*** Titled Tuesday Blitz"]
[Site "Chess.com"]
[Date "2021.02.16"]
[Round "8"]
[White "ehrenfeld"]
[Black "novocane"]
[Result "1-0"]
[WhiteElo "2470"]
[BlackElo "2245"]
[TimeControl "180+1"]
[EndTime "11:29:39 PST"]
[Termination "ehrenfeld won by resignation"]

1. e4 c5 2. d3 g6 3. f4 Bg7 4. Nf3 Nc6 5. Be2 d5 6. O-O dxe4 7. dxe4 Qxd1 8. Rxd1 b6 9. c3 Bb7 10. Na3 Nf6 11.
e5 Nd7 12. Be3 a6 13. Nc4 b5 14. Rxd7 Kxd7 15. Nb6+ Kc7 16. Nxa8+ Rxa8 17. Bxc5 h6 18. Kf2 Rd8 19. Rd1 Rxd1 20. Bxd1 Kd7 21. Nd2 Nd8 22.
Bf3 Ne6 23. Be3 Bxf3 24. Kxf3 Kc6 25. Ke4 Nc7 26. Nb3 e6 27. Na5+ Kd7 28. b3 Bf8 29. c4 Bb4 30. Nb7 bxc4 31. bxc4 Be7 32. Bc5 Kc6 33. Bxe7 Kxb7 34. g4 a5 35. h4 h5 36.
gxh5 gxh5 37. f5 Kc6 38. Bd6 Na6 39. fxe6 fxe6 40. Kf4 Nc5 41. Bxc5 Kxc5 42. Kg5 Kxc4 43.
Kxh5 Kd5 44. Kg5 Kxe5 45. h5 1-0

[Event "*** Titled Tuesday Blitz"]
[Site "Chess.com"]
[Date "2021.02.16"]
[Round "8"]
[White "tteshan"]
[Black "Kislov_Oleg"]
[Result "0-1"]
[WhiteElo "2358"]
[BlackElo "2541"]
[TimeControl "180+1"]
[EndTime "11:29:40 PST"]
[Termination "Kislov_Oleg won by resignation"]

1. d4 Nf6 2. c4 e6 3. Nc3 d5 4. cxd5 exd5 5. Bg5 Be7 6. e3 c6 7. Bd3 O-O 8. Qc2 h6 9. Bh4 Re8 10. Nge2 Ne4 11. Bxe7 Qxe7 12. Bxe4 dxe4 13. O-O Nd7 14. Ng3 Nf6 15. Rfd1 h5 16. d5 h4 17. Nge2 h3 18.
g3 Bg4 19. Rd2 Nd7 20. dxc6 Ne5 21. Nd4 Qf6 22. f4 exf3 23. Rf2 bxc6 24. Ne4 Qg6 25. Nc5 Qxc2 26. Nxc2 Rad8 27. Kf1 Nc4 28. e4 Nd2+ 29. Kg1 Nxe4 30. Nxe4 Rxe4 31. Re1 Re2 32.
Kf1 Rxf2+ 33. Kxf2 Rd2+ 34. Ke3 Rxc2 35. Kf4 f5 36. Kg5 Kh7 0-1

[Event "*** Titled Tuesday Blitz"]
[Site "Chess.com"]
[Date "2021.02.16"]
[Round "8"]
[White "Kanthecarowin"]
[Black "northridgehawk"]
[Result "0-1"]
[WhiteElo "2319"]
[BlackElo "2343"]
[TimeControl "180+1"]
[EndTime "11:29:41 PST"]
[Termination "northridgehawk won by resignation"]

1. d4 Nf6 2. c4 g6 3. Nc3 d5 4.
Nf3 Bg7 5. Bg5 dxc4 6. e4 c5 7. Bxc4 cxd4 8. Nxd4 Qa5 9. Bd2 Qb6 10. Bb5+ Nbd7 11. Be3 O-O 12. O-O Ne5 13. a4 Rd8 14. Qb3 Rxd4 15. Ne2 Nc6 16. Nxd4 Nxd4 17. Qb4 Nc2 18. Bxb6 Nxb4 19. Bc5 Nc6 20. Bxc6 bxc6 21. Bxe7 Nxe4 22. Rfe1 Nf6 23. Rac1 Be6 24. Rxc6 Nd5 25. Ba3 Rb8 26. h4 Bxb2 27. Bxb2 Rxb2 28. g3 Ra2 29. Ra6 Nc3 30. Rxa7 Rxa4 31. Rxa4 Nxa4 32. Kg2 Kg7 33. f4 h5 34. Kf3 Nc5 35. Rc1 Bd5+ 36. Ke3 Ne6 37. Ra1 Bg2 38. Ra5 Bh3 39. Rg5 Bf5 40.
Kf3 f6 41. Rxf5 gxf5 42. Ke3 Kf7 43. Kf3 Ng7 44. Ke3 Ke6 45. Kd3 Kd5 46. Ke3 Ne6 47.
Kd3 Nc5+ 48. Ke3 Kc4 49. Kd2 Kd4 50. Ke2 Ke4 51. Kf2 Nd3+ 52. Kg2 Ne5 53. fxe5 fxe5 54.
Kf2 f4 55. Ke2 fxg3 0-1

[Event "*** Titled Tuesday Blitz"]
[Site "Chess.com"]
[Date "2021.02.16"]
[Round "8"]
[White "CSB7"]
[Black "Szparu"]
[Result "1/2-1/2"]
[WhiteElo "2547"]
[BlackElo "2661"]
[TimeControl "180+1"]
[EndTime "11:29:42 PST"]
[Termination "Game drawn by repetition"]

1. d4 Nf6 2. Nf3 g6 3. c4 Bg7 4. Nc3 O-O 5. e4 d6 6. Be2 e5 7. O-O exd4 8. Nxd4 Re8 9. f3 c6 10. Kh1 Nbd7 11. Be3 d5 12. cxd5 Nxd5 13. Nxd5 cxd5 14. Nb5 dxe4 15. Nd6 exf3 16. Rxf3 Ne5 17. Nxe8 Qxe8 18. Rf1 Be6 19. Rc1 Rd8 20. Qe1 Nc6 21. Bg5 Bxb2 22. Rb1 Rd5 23. Rxb2 Rxg5 24. Rxb7 Nd4 25. Bc4 Qc6 26. Rb8+ Kg7 27. Qf2 Qxc4 28. Qf6+ Kh6 29. Qf4 Bd5 30. h4 Bxg2+ 31. Kh2 Bxf1 32. Qxg5+ Kg7 33. Qe5+ Kh6 34. Qf4+ Kg7 35. Qe5+ Kh6 36. Qg5+ Kg7 37. Qe5+ 1/2-1/2

[Event "*** Titled Tuesday Blitz"]
[Site "Chess.com"]
[Date "2021.02.16"]
[Round "8"]
[White "TimKett"]
[Black "Funo09"]
[Result "0-1"]
[WhiteElo "2243"]
[BlackElo "2747"]
[TimeControl "180+1"]
[EndTime "11:29:42 PST"]
[Termination "Funo09 won by resignation"]

1. e4 g6 2. d4 Bg7 3. Nc3 c5 4.
d5 d6 5. Bb5+ Bd7 6. Bxd7+ Qxd7 7. Nge2 b5 8. O-O Nf6 9. Qd3 b4 10. Nd1 O-O 11. Ne3 Qb7 12. Nc4 Nbd7 13. Bf4 Nb6 14.
Rad1 Qa6 15. b3 Nxc4 16. bxc4 Nd7 17. Qh3 Nb6 18. Bh6 Qxc4 19. Bxg7 Kxg7 20. Ng3 Qxc2 21.
Qg4 Kh8 22. f4 Qxa2 23. Rf2 Qb3 24. f5 Nc4 25. Re1 Qc3 26. Ree2 Ne5 27. Qh4 b3 28. Qxe7 Rae8 29. Qf6+ Kg8 30. Nh5 gxh5 31. Qg5+ Ng6 32. fxg6 fxg6 33. Rxf8+ Rxf8 34. h4 b2 0-1

[Event "*** Titled Tuesday Blitz"]
[Site "Chess.com"]
[Date "2021.02.16"]
[Round "8"]
[White "annacramling"]
[Black "zurzan"]
[Result "1-0"]
[WhiteElo "2133"]
[BlackElo "2033"]
[TimeControl "180+1"]
[EndTime "11:29:42 PST"]
[Termination "annacramling won by checkmate"]

1. d4 d6 2. c4 f5 3. Nc3 Nf6 4. Nf3 g6 5. Qc2 Bg7 6. e4 fxe4 7. Nxe4 O-O 8. Bd3 c6 9. O-O Qc7 10. Bd2 Nbd7 11. Rfe1 Nxe4 12. Bxe4 Nf6 13. Bd3 Bg4 14. Ng5 Rae8 15. h3 Bc8 16. Bc3 e5 17. dxe5 dxe5 18.
c5 h6 19. Ne4 Nxe4 20. Bxe4 Bf5 21. g4 Bxe4 22. Qxe4 Re6 23. Rad1 Qf7 24. Re2 Rfe8 25. Rd6 Qf6 26. Qc4 Kh7 27. Rxe6 Rxe6 28. Qd3 Qh4 29.
b4 h5 30. gxh5 Qxh5 31. Re4 Kh6 32. Qg3 Qd1+ 33. Kg2 Qd7 34. Rh4# 1-0

[Event "*** Titled Tuesday Blitz"]
[Site "Chess.com"]
[Date "2021.02.16"]
[Round "8"]
[White "Ze-Pequeno"]
[Black "PawnEatingZombie"]
[Result "1-0"]
[WhiteElo "2276"]
[BlackElo "2137"]
[TimeControl "180+1"]
[EndTime "11:29:42 PST"]
[Termination "Ze-Pequeno won on time"]

1. e4 c6 2. d4 d5 3. Nc3 dxe4 4.
Nxe4 Bf5 5. Ng3 Bg6 6. Nf3 Nd7 7.
h4 h6 8. h5 Bh7 9. Bd3 Bxd3 10. Qxd3 e6 11. Bd2 Ngf6 12. O-O-O Be7 13. Kb1 Qb6 14.
c4 O-O 15. Ne4 c5 16. Nxf6+ Nxf6 17. Bc3 cxd4 18. Bxd4 Bc5 19. Bxf6 gxf6 20. Qc3 Rfd8 21. Qxf6 Bf8 22. Ne5 Bg7 23. Qxf7+ Kh8 24. f4 Qf2 25. Qxe6 Rxd1+ 26. Rxd1 Qxg2 27. a3 a5 28. Rd7 a4 29.
Nf7+ Kh7 30. Qf5+ Kg8 31. Nxh6+ Kh8 32. Nf7+ Kg8 33. Ne5 Rf8 34. Qe6+ Kh7 35. Ka2 Rxf4 36. h6 1-0

[Event "*** Titled Tuesday Blitz"]
[Site "Chess.com"]
[Date "2021.02.16"]
[Round "8"]
[White "elextranjero00"]
[Black "szachuspl"]
[Result "1-0"]
[WhiteElo "2632"]
[BlackElo "2471"]
[TimeControl "180+1"]
[EndTime "11:29:43 PST"]
[Termination "elextranjero00 won by resignation"]

1. d4 Nf6 2. c4 g6 3. Nc3 Bg7 4.
e4 O-O 5. Be2 d6 6. Be3 Na6 7.
Nf3 e5 8. O-O c6 9. h3 Qe7 10.
d5 c5 11. Bg5 h6 12. Bd2 Nh5 13. Ne1 Nf4 14. Nd3 Nxe2+ 15. Qxe2 Bd7 16. a3 f5 17.
exf5 gxf5 18. f4 e4 19. Nf2 Rae8 20. Be3 Bxc3 21. bxc3 Qg7 22. Rac1 Nc7 23. Kh2 Kh7 24. Rg1 b5 25. cxb5 Nxd5 26. c4 Nb6 27. g4 Qf7 28. g5 Rg8 29. gxh6 Be6 30. Rg5 Rxg5 31.
fxg5 f4 32. Nxe4 fxe3 33. Nf6+ Kh8 34. Qxe3 Bd7 35. Nxe8 Qxe8 36. Qc3+ Qe5+ 37. Qxe5+ dxe5 38. g6 Bf5 39. g7+ Kh7 40. Rf1 Be6 41. Rf8 Bxc4 42.
Rh8+ Kg6 43. h4 e4 44. h5+ Kf6 45. Rf8+ Ke7 46. h7 e3 47. h8=Q e2 48. Re8+ Kd6 49.
Rxe2 Bxe2 50. g8=Q 1-0

[Event "*** Titled Tuesday Blitz"]
[Site "Chess.com"]
[Date "2021.02.16"]
[Round "8"]
[White "EnergeticHay"]
[Black "DarZay"]
[Result "0-1"]
[WhiteElo "2331"]
[BlackElo "2166"]
[TimeControl "180+1"]
[EndTime "11:29:43 PST"]
[Termination "DarZay won on time"]

1. e4 c5 2. Nf3 Nc6 3. d4 cxd4 4. Nxd4 Nf6 5. Nc3 d6 6. Bg5 e6 7. Qd2 Be7 8. O-O-O O-O 9. f4 Bd7 10. Nb3 a6 11. Kb1 b5 12. a3 Ra7 13. Bxf6 Bxf6 14.
Qxd6 b4 15. axb4 Be7 16. Qd3 Nxb4 17. Qe3 Rb7 18. Nc5 Qb6 19. e5 Bxc5 20. Qe4 Bc6 21. Qc4 Nxc2 22. Qa2 Na3+ 23. Ka1 Qb3 24. Qxb3 Rxb3 25.
Rc1 Rfb8 26. Nd1 Bd4 27. Rxc6 Bxb2+ 28. Nxb2 Rxb2 29. Rc8+ Rxc8 30. Kxb2 Nc4+ 0-1

[Event "*** Titled Tuesday Blitz"]
[Site "Chess.com"]
[Date "2021.02.16"]
[Round "8"]
[White "abeljusto"]
[Black "LamaChampetre"]
[Result "1/2-1/2"]
[WhiteElo "2017"]
[BlackElo "2197"]
[TimeControl "180+1"]
[EndTime "11:29:44 PST"]
[Termination "Game drawn by repetition"]

1. d4 Nf6 2. Bf4 g6 3. Nc3 d5 4. e3 Bg7 5. Nf3 O-O 6. Be2 c5 7. Ne5 Nc6 8. Nxc6 bxc6 9. O-O cxd4 10. exd4 Ne4 11. Nxe4 dxe4 12. c3 Qb6 13. Qd2 Rd8 14. b4 Be6 15. Qe3 a5 16. a3 Bd5 17. Rfd1 Bb3 18. Rdb1 Bc2 19. Rc1 Bd3 20. Bxd3 exd3 21.
Qxd3 e5 22. Bg5 Rd5 23. Be3 exd4 24. cxd4 axb4 25. axb4 Rxa1 26. Rxa1 Qxb4 27. h3 Qb8 28.
Qc4 Qe8 29. Ra6 Rd6 30. Qa4 h5 31. Ra8 Rd8 32. Rxd8 Qxd8 33. Qxc6 Bxd4 34. Bxd4 Qxd4 35. Qf3 Kg7 36. g3 Qa1+ 37. Kg2 Qf6 38. Qd3 Qe6 39.
Qf3 Qf6 40. Qxf6+ Kxf6 41. h4 Kf5 42. Kf3 g5 43. hxg5 Kxg5 44. Kg2 h4 45. gxh4+ Kxh4 46. Kf3 Kg5 47. Kg3 Kf5 48. Kf3 Kg5 49. Kg3 Kf5 50. Kf3 Kg5 1/2-1/2

[Event "*** Titled Tuesday Blitz"]
[Site "Chess.com"]
[Date "2021.02.16"]
[Round "8"]
[White "frederiksvane"]
[Black "MITerryble"]
[Result "0-1"]
[WhiteElo "2716"]
[BlackElo "2936"]
[TimeControl "180+1"]
[EndTime "11:29:45 PST"]
[Termination "MITerryble won by resignation"]

1. e4 e6 2. d4 d5 3. Nd2 Be7 4. c3 c5 5. exd5 Qxd5 6. Ngf3 Nf6 7. Bc4 Qh5 8. O-O cxd4 9. Nxd4 Qxd1 10. Rxd1 Bd7 11.
N2f3 Nc6 12. Bf4 a6 13. Ne5 Nxe5 14. Bxe5 O-O-O 15. a4 Ng4 16. Bg3 h5 17. h3 h4 18.
Bf4 g5 19. Bc1 Ne5 20. Bb3 g4 21. hxg4 Nxg4 22. f3 Ne5 23. Bf4 Bf6 24. Kf2 Rdg8 25. Bh2 Rg7 26. Ne2 Rhg8 27. Nf4 Bc6 28. Rg1 h3 29. gxh3 Bh4+ 30. Ke3 Nxf3 31. Rxg7 Rxg7 32.
Rh1 Nd4 33. Rb1 Nxb3 34. Nh5 Rg2 35. Bf4 Nd2 36. Rd1 Nc4+ 37. Kd4 Nxb2 38. Rb1 Bf2+ 0-1

[Event "*** Titled Tuesday Blitz"]
[Site "Chess.com"]
[Date "2021.02.16"]
[Round "8"]
[White "Aygehovit1992"]
[Black "seorobert1971"]
[Result "0-1"]
[WhiteElo "2590"]
[BlackElo "2720"]
[TimeControl "180+1"]
[EndTime "11:29:45 PST"]
[Termination "seorobert1971 won by checkmate"]

1. e4 e5 2. Nf3 Nc6 3. Bb5 Nf6 4. d3 Bc5 5. Bxc6 dxc6 6. Nbd2 Be6 7. Nb3 Bd6 8. h3 Nd7 9. d4 O-O 10. O-O exd4 11.
Nbxd4 Bc4 12. Re1 Ne5 13. Nf5 Nxf3+ 14. Qxf3 Be5 15. Bf4 Bxb2 16. Rad1 Qf6 17. Bxc7 Be6 18. Rd3 Be5 19. Bxe5 Qxe5 20. Nd6 b5 21. Qe3 g5 22.
Nf5 Qf6 23. Rd6 Rfc8 24. Qc5 h6 25. Red1 a5 26. a3 Rab8 27. Rxc6 Rxc6 28. Qxc6 b4 29. axb4 axb4 30. Qd6 Re8 31. g3 Kh7 32. Nd4 Rd8 33. Qxb4 Bxh3 34. Rd3 Ra8 35. Qe1 Ra4 36. e5 Qg6 37.
Qe3 Ra1+ 38. Kh2 Qh5 39. Qf3 Bg4+ 40. Kg2 Qh1# 0-1

[Event "*** Titled Tuesday Blitz"]
[Site "Chess.com"]
[Date "2021.02.16"]
[Round "8"]
[White "Artem_Sadovsky"]
[Black "Mazetovic"]
[Result "0-1"]
[WhiteElo "2576"]
[BlackElo "2703"]
[TimeControl "180+1"]
[EndTime "11:29:46 PST"]
[Termination "Mazetovic won by resignation"]

1. Nf3 Nf6 2. c4 g6 3. b3 Bg7 4. Bb2 O-O 5. e3 d6 6. Be2 e5 7. O-O Re8 8. Ne1 Nbd7 9. Nc3 Nf8 10. Nc2 Ne6 11. d4 e4 12. d5 Nc5 13. Nd4 h5 14.
Qd2 Ng4 15. h3 Ne5 16. b4 Ncd3 17. Nxe4 Nxb2 18. Qxb2 Nxc4 19. Qc2 Bxd4 20. exd4 Bf5 21. Qxc4 Bxe4 22. Bd3 Bxd3 23. Qxd3 Qg5 24. Rac1 Re7 25. Qb5 b6 26. Rfe1 Kf8 27. h4 Qxh4 28. Rxe7 Qxe7 29. Qc6 Re8 30. Qxc7 Qf6 31. Qxa7 Qxd4 32. Qc7 Qxb4 33. Rf1 Qc5 34. Qb7 Kg7 35. a4 Re5 36. Rd1 Rf5 37. Rf1 Rxd5 38. Qd7 Rf5 39. Qe8 d5 40. Qd7 d4 41.
Rd1 d3 42. Rd2 Qc1+ 43. Kh2 Qxd2 0-1

[Event "*** Titled Tuesday Blitz"]
[Site "Chess.com"]
[Date "2021.02.16"]
[Round "8"]
[White "MasterKroket"]
[Black "GianmarcoVaR"]
[Result "0-1"]
[WhiteElo "2514"]
[BlackElo "2657"]
[TimeControl "180+1"]
[EndTime "11:29:46 PST"]
[Termination "GianmarcoVaR won by resignation"]

1. d4 Nf6 2. c4 e6 3. Nf3 d5 4. Nc3 a6 5. cxd5 exd5 6. Bg5 Be7 7. e3 h6 8. Bh4 Nbd7 9. Qc2 b6 10. Ne5 Bb7 11. f4 g5 12. Bf2 Bb4 13. Bd3 c5 14. O-O cxd4 15. exd4 Bxc3 16. Qxc3 Ne4 17. Bxe4 dxe4 18.
Qb3 Nxe5 19. fxe5 Bd5 20. Qa3 Qe7 21. Qxe7+ Kxe7 22. b3 Rhc8 23. Rac1 a5 24. h4 Rxc1 25. Rxc1 a4 26. hxg5 hxg5 27. Be3 axb3 28. axb3 Ke6 29. Bxg5 Rg8 30. Be3 Ra8 31. g4 Ra3 32. Rc7 Rxb3 33. Bg5 Rg3+ 34. Kf2 Rxg4 35. Re7+ Kf5 36.
Be3 Rh4 37. Re8 Rh2+ 38. Kg3 Re2 39. Bh6 e3 40. Rb8 Rg2+ 41. Kh3 e2 42. Bd2 Rg1 43. Rxb6 Be6 44. Kh2 e1=Q 45. Bxe1 Rxe1 46. Kg3 Rd1 47. Rd6 Ke4 48. Kf2 Rxd4 49. Ra6 Kxe5 50. Ra5+ Rd5 51.
Ra4 f5 52. Ke3 Rb5 53. Ra3 Rb3+ 0-1

[Event "*** Titled Tuesday Blitz"]
[Site "Chess.com"]
[Date "2021.02.16"]
[Round "8"]
[White "eduardoperalta"]
[Black "DenishevM"]
[Result "0-1"]
[WhiteElo "2422"]
[BlackElo "2594"]
[TimeControl "180+1"]
[EndTime "11:29:46 PST"]
[Termination "DenishevM won by resignation"]

1. d4 Nf6 2. c4 b6 3. Nf3 Bb7 4. g3 g6 5. Bg2 Bg7 6. O-O O-O 7. d5 c6 8. Nc3 cxd5 9. cxd5 Na6 10. Nd4 Rc8 11. e4 Nc5 12. Re1 Ba6 13. Re3 e5 14.
Nb3 d6 15. Nxc5 Rxc5 16. b4 Rc7 17. b5 Bc8 18. h3 Nd7 19. Ba3 Nc5 20. Bb4 f5 21.
exf5 gxf5 22. f4 exf4 23. gxf4 Qh4 24. Ne2 Bxa1 25. Qxa1 Rg7 26. Bc3 Rg6 27. Be1 Qh6 28.
Qd4 Ne4 29. Kh2 Qg7 30. Qxg7+ Rxg7 31. Nd4 a6 32. a4 axb5 33. axb5 Ra7 34. Bxe4 fxe4 35.
Ne6 Bxe6 36. dxe6 d5 37. Rg3+ Rg7 38. Rxg7+ Kxg7 39. Bc3+ Kg6 40. e7 Re8 41. Bb4 d4 42. Kg3 Kf5 43. Bd6 Ke6 44. Bb4 Rxe7 45. Bxe7 Kxe7 46.
Kg4 d3 47. f5 d2 0-1

[Event "*** Titled Tuesday Blitz"]
[Site "Chess.com"]
[Date "2021.02.16"]
[Round "8"]
[White "Aradhya2000"]
[Black "jacky72"]
[Result "1-0"]
[WhiteElo "2596"]
[BlackElo "2684"]
[TimeControl "180+1"]
[EndTime "11:29:47 PST"]
[Termination "Aradhya2000 won by resignation"]

1. d4 Nf6 2. c4 c6 3. Bg5 Ne4 4.
Bf4 d5 5. e3 e5 6. Bxe5 Bb4+ 7.
Ke2 dxc4 8. f3 Nf6 9. Kf2 b5 10.
b3 cxb3 11. axb3 O-O 12. Bd3 Bd6 13. Qc2 h6 14. Bxd6 Qxd6 15. Nc3 Be6 16. Nge2 Nd5 17. Nxd5 Qxd5 18. Nf4 Qxb3 19. Qd2 b4 20. Rhc1 a5 21.
Bc2 Qc3 22. Bh7+ Kxh7 23. Rxc3 bxc3 24. Qxc3 a4 25. Nxe6 fxe6 26. Qc4 Nd7 27. Qxe6 Nf6 28. Qc4 a3 29. Qd3+ Kh8 30. Rxa3 Rab8 31. Rb3 Ra8 32. Rc3 Rac8 33. e4 Rce8 34. Kg1 Ra8 35. Rxc6 Ra1+ 36.
Kf2 Ra2+ 37. Rc2 Ra4 38. h3 Rd8 39. d5 Rf8 40. Re2 Nh5 41. g3 Nf6 42. e5 Nd7 43. e6 Nc5 44. Qc2 Ra5 45. e7 Re8 46. Qg6 Raa8 47. d6 Nd7 48. Qe6 Nc5 49. Qf5 Nb7 50.
d7 Nd6 51. dxe8=Q+ Rxe8 52. Qf8+ Rxf8 53. exf8=Q+ 1-0

[Event "*** Titled Tuesday Blitz"]
[Site "Chess.com"]
[Date "2021.02.16"]
[Round "8"]
[White "Chamal_Gedgafov"]
[Black "night_player"]
[Result "0-1"]
[WhiteElo "2329"]
[BlackElo "2199"]
[TimeControl "180+1"]
[EndTime "11:29:47 PST"]
[Termination "night_player won by resignation"]

1. d4 f5 2. c4 d6 3. Nc3 Nf6 4.
g3 g6 5. Bg2 Bg7 6. Nf3 O-O 7.
O-O c6 8. b3 Qc7 9. Bb2 e5 10.
dxe5 dxe5 11. e4 fxe4 12. Ng5 e3 13. fxe3 Bg4 14. Bf3 Bxf3 15. Rxf3 Qe7 16. a3 Nbd7 17. b4 Nh5 18. Rxf8+ Rxf8 19. Nge4 Qf7 20. Qe2 Qf3 21. Re1 Qxe2 22. Rxe2 Nb6 23. c5 Nd5 24. Nxd5 cxd5 25. Nd6 b6 26. Rd2 bxc5 27. bxc5 Bh6 28.
Rxd5 Bxe3+ 29. Kg2 Rf2+ 30. Kh3 Rxb2 31. Rxe5 Bg1 32. Re7 Rxh2+ 33. Kg4 Bxc5 34. Re8+ Kg7 35. Ne4 Bxa3 36. Ra8 Nf6+ 37. Nxf6 Kxf6 38. Rxa7 Bd6 39. Ra6 Ke6 40. Kg5 Rh5+ 41. Kg4 Rd5 42. Ra7 h5+ 43. Kh4 Rd4+ 44. Kh3 Rd3 45. Kh4 Rxg3 46. Re7+ Kd5 47. Re5+ Kxe5 48. Kxg3 g5 49. Kh3 Kf4 0-1

[Event "*** Titled Tuesday Blitz"]
[Site "Chess.com"]
[Date "2021.02.16"]
[Round "8"]
[White "Fortitudine"]
[Black "esrosenberg"]
[Result "1-0"]
[WhiteElo "2331"]
[BlackElo "2117"]
[TimeControl "180+1"]
[EndTime "11:29:47 PST"]
[Termination "Fortitudine won on time"]

1. c4 e5 2. g3 Nc6 3. Bg2 f5 4. Nc3 Nf6 5. e3 Bb4 6. Nge2 O-O 7. O-O d6 8. a3 Bxc3 9. Nxc3 f4 10. d4 Bg4 11. f3 Bd7 12. d5 Na5 13. exf4 Nxc4 14.
b3 Nb6 15. fxe5 dxe5 16. Bg5 h6 17. Bxf6 Qxf6 18. Ne4 Qg6 19. Rc1 c6 20. Nc5 Be8 21. d6 Rd8 22. Ne4 Nd5 23. Qe2 Bf7 24. Rfd1 Rfe8 25. b4 a5 26. bxa5 Rxd6 27. Nxd6 Qxd6 28. Re1 Qxa3 29. a6 bxa6 30. Rxc6 Nb4 31. Rc7 Bd5 32. f4 Bxg2 33. Qxg2 Qa2 34. Qxa2+ Nxa2 35. fxe5 Re6 36. Rc8+ Kf7 37. Rd8 Nb4 38. Rd7+ Kg6 39. Rd6 Kf7 40. Rd7+ Kg6 41. Kg2 Nc2 42. Re2 Nb4 43.
Rd6 Kf7 44. Rd7+ Kg6 45. h3 Nc6 46. Rd6 Kf7 47. Rc2 Nxe5 48. Rc7+ Kf6 49. Rxe6+ Kxe6 50. Ra7 Kf5 51. Rxa6 1-0